Map: Dusk Towers

Players

capac - Winner!

  • Race: Terran Terran
  • League: Gold

Keltaras

  • Race: Protoss Protoss
  • League: Gold

VOD

Have the link to the VOD?

Description

Time

  • Played on: Feb. 9, 2016, 1:29 p.m.
  • Length: 13:10
Show
View Real Time Build Order
Export as new Build Order

capac Terran - Winner!

Build Orders: Bio Tank 

Get SALT Encoding   

  12  0:01  SCV  
  13  0:13  SCV  
  14  0:18  Supply Depot  
  14  0:25  SCV  
  15  0:39  SCV  
  16  0:43  Barracks  
  16  0:53  SCV  
  16  0:56  Refinery  
  17  1:05  SCV  
  18  1:17  SCV  
  19  1:29  SCV  
  20  1:37  Supply Depot, Marine  
  21  1:45  Orbital Command  
  20  2:07  Marine  
  20  2:14  SCV  
  20  2:15  Command Center  
  21  2:17  Refinery  
  21  2:27  Factory, Marine  
  22  2:43  Barracks  
  22  2:45  Marine  
  23  2:58  SCV  
  24  3:05  Marine  
  24  3:11  Factory Tech Lab  
  25  3:15  Barracks  
  25  3:17  SCV  
  26  3:25  Engineering Bay, Marine  
  27  3:31  Siege Tank  
  30  3:36  Barracks Reactor  
  30  3:38  SCV  
  31  3:47  Orbital Command  
  31  3:58  Missile Turret  
  31  3:59  Terran Infantry Weapons Level 1  
  31  4:00  SCV  
  31  4:02  Marine  
  33  4:15  Starport  
  33  4:22  SCV x2  
  35  4:25  Marine  
  36  4:35  Refinery x2  
  36  4:36  SCV x2  
  38  4:39  Siege Tank  
  38  4:42  Barracks Tech Lab  
  41  4:52  Marine  
  42  4:54  Marine x2  
  44  5:01  Medivac  
  46  5:13  Supply Depot  
  46  5:35  Marine x2, Siege Tank, SCV, Medivac  
  54  5:37  Barracks Reactor  
  54  5:40  Supply Depot  
  54  5:50  Command Center  
  54  5:58  Supply Depot  
  54  6:01  SCV x2  
  56  6:09  Marine x3  
  59  6:11  Stimpack  
  59  6:13  SCV x2  
  61  6:25  SCV  
  61  6:26  Supply Depot  
  61  6:27  SCV  
  61  6:31  Marine x4  
  67  6:38  SCV  
  68  7:17  Marine x5  
  65  7:34  Marine x2  
  65  7:35  Marine x2  
  58  7:53  Marine x2  
  58  7:59  Marine x3  
  61  8:11  Marine  
  54  8:20  Siege Tank  
  57  8:40  SCV x2  
  59  8:47  Starport Reactor  
  59  8:48  Marine x3  
  59  8:49  Marine x2  
  59  8:52  SCV x2  
  59  8:53  Siege Tank  
  69  9:01  Barracks  
  69  9:03  Barracks  
  69  9:05  Barracks  
  69  9:06  Factory, Marine x4  
  73  9:10  Supply Depot  
  73  9:11  Supply Depot  
  73  9:12  Liberator x2  
  73  9:14  SCV x2  
  75  9:17  Orbital Command  
  75  9:25  Marine x3  
  75  9:26  Marine, SCV x2  
  75  9:27  Siege Tank  
  90  9:38  SCV  
  91  9:41  Marine  
  91  9:43  Marine x3, Combat Shields  
  95  9:48  Terran Infantry Armor Level 1  
  95  9:49  Refinery  
  95  9:51  Supply Depot  
  95  9:52  Refinery, Armory  
  95  9:54  Barracks Reactor x3  
  95  9:59  SCV x3  
  98  10:02  Marine x3  
  98  10:04  Marine  
  102  10:08  Factory Tech Lab  
  102  10:11  SCV x3, Medivac  
  102  10:12  Medivac  
  109  10:23  SCV  
  110  10:29  Marine, Siege Tank x2  
  117  10:39  Supply Depot  
  117  10:41  Supply Depot x2, Marine x8  
  125  10:44  Supply Depot  
  125  10:46  Terran Vehicle Weapons Level 1  
  125  11:01  Marine x2, SCV x2  
  129  11:06  Supply Depot  
  129  11:07  Supply Depot  
  129  11:08  Supply Depot  
  129  11:09  Medivac x2  
  133  11:23  Marine x5  
  133  11:24  Marine x4  
  142  11:31  Supply Depot  
  142  11:33  Starport  
  142  11:39  Liberator  
  99  11:40  Liberator  
  148  12:10  Command Center  
  148  12:11  Supply Depot  
  148  12:14  Supply Depot  
  148  12:15  Supply Depot  
  148  12:35  Marine x4  
  148  12:36  Marine x2  
  154  12:38  Starport Reactor  
  154  12:39  Medivac x2  
Show
View Real Time Build Order
Export as new Build Order

Keltaras Protoss 

Build Orders: Oracle Opening 

Get SALT Encoding   

  12  0:03  Probe (Chrono Boost)  
  13  0:17  Pylon  
  13  0:19  Probe (Chrono Boost)  
  14  0:29  Probe (Chrono Boost)  
  15  0:38  Gateway  
  15  0:44  Probe (Chrono Boost)  
  15  0:48  Assimilator  
  16  0:55  Probe (Chrono Boost)  
  17  1:05  Probe (Chrono Boost)  
  18  1:15  Pylon  
  18  1:24  Probe (Chrono Boost)  
  19  1:28  Cybernetics Core  
  19  1:34  Probe (Chrono Boost)  
  20  1:51  Probe (Chrono Boost)  
  21  1:54  Pylon  
  21  2:01  Probe (Chrono Boost)  
  22  2:16  Probe (Chrono Boost)  
  22  2:20  Nexus  
  22  2:24  Warp Gate (Chrono Boost)  
  22  2:34  Assimilator  
  22  2:42  Stargate  
  22  3:08  Probe  
  22  3:12  Stalker (Chrono Boost)  
  25  3:29  Gateway  
  25  3:31  Gateway  
  25  3:38  Gateway  
  25  3:41  Oracle (Chrono Boost)  
  25  3:47  Probe  
  29  3:57  Twilight Council, Probe  
  30  4:08  Probe  
  31  4:18  Probe  
  32  4:29  Probe  
  33  4:34  Robotics Facility  
  33  4:35  Adept  
  35  4:40  Probe  
  36  4:50  Probe  
  34  4:54  Stalker  
  34  4:56  Stalker  
  34  4:57  Stalker  
  40  5:01  Probe  
  40  5:04  Pylon  
  41  5:09  Void Ray (Chrono Boost)  
  41  5:11  Probe  
  46  5:22  Probe  
  46  5:28  Assimilator  
  47  5:32  Probe, Assimilator  
  48  5:42  Probe  
  49  5:43  Probe  
  50  5:50  Robotics Bay  
  50  6:00  Nexus  
  50  6:01  Stalker  
  50  6:02  Stalker  
  54  6:12  Adept  
  56  6:35  Stalker  
  56  6:36  Stalker x2  
  62  7:00  Pylon  
  62  7:01  Pylon  
  62  7:02  Probe  
  62  7:03  Pylon  
  62  7:05  Pylon  
  62  7:06  Pylon  
  57  7:13  Probe  
  60  7:15  Mothership Core  
  56  7:23  Probe  
  51  7:34  Probe  
  50  7:41  Probe  
  42  7:52  Probe  
  42  7:55  Stalker  
  42  7:56  Stalker x2  
  40  8:02  Probe  
  31  8:13  Probe x2  
  31  8:23  Probe  
  31  8:24  Pylon  
  31  8:25  Probe  
  33  8:27  Zealot x2  
  33  8:28  Zealot  
  39  8:34  Probe  
  39  8:35  Pylon  
  39  8:37  Probe  
  39  8:38  Probe  
  42  8:44  Probe, Void Ray (Chrono Boost)  
  47  8:49  Probe x2  
  47  8:53  Charge (Chrono Boost)  
  47  8:55  Probe  
  49  8:59  Probe  
  49  9:02  Probe  
  52  9:05  Probe  
  53  9:10  Probe  
  53  9:14  Probe  
  53  9:16  Probe  
  55  9:21  Probe  
  57  9:26  Probe x2, Stalker  
  57  9:29  Stalker x2  
  65  9:32  Adept  
  65  9:35  Probe  
  65  9:37  Probe  
  65  9:38  Probe  
  70  9:48  Probe  
  70  9:50  Probe  
  70  9:51  Void Ray (Chrono Boost)  
  76  10:02  Probe  
  76  10:05  Stalker x3  
  83  10:14  Probe  
  84  10:23  Pylon  
  84  10:25  Pylon  
  84  10:28  Pylon  
  84  10:29  Stalker  
  84  10:30  Stalker x2  
  90  10:38  Zealot  
  92  10:43  Probe  
  93  10:52  Void Ray (Chrono Boost)  
  93  10:54  Probe  
  93  10:55  Nexus  
  98  10:57  Zealot  
  98  10:58  Zealot x2  
  104  11:04  Probe  
  105  11:15  Probe  
  106  11:20  Assimilator  
  106  11:24  Assimilator  
  106  11:25  Probe, Gateway  
  106  11:26  Gateway  
  106  11:28  Gateway  
  106  11:29  Gateway  
  107  11:36  Forge  
  107  11:40  Zealot  
  107  11:41  Zealot x2  
  107  11:45  Zealot  
  115  11:55  Void Ray (Chrono Boost)  
  119  12:27  Zealot  
  119  12:28  Zealot x2  
  125  12:30  Zealot  
  125  12:31  Zealot x2  
  125  12:32  Zealot  
  133  12:51  Zealot  
  133  12:53  Stalker x3  
  133  12:54  Stalker x2  
Tags
 
Composition
Bio Tank
League
GoldGold
Matchup
PvT
Add a new tag
Caveats
  • Supply blocks, unpowered buildings, or Contaminate may cause inaccurate times.
  • Supply counts are checked every 10 seconds.